 Dungeon Crawl Stone Soup version 0.27.1-4-g1640c2035a (webtiles) character file.

Game seed: 10719438371477071154

51 bellerephron the Skirmisher (level 3, -8/29 HPs)
             Began as a Demonspawn Monk on Nov 5, 2021.
             Mangled by a gnoll (12 damage)
             ... on level 2 of the Dungeon.
             The game lasted 00:05:16 (1845 turns).

bellerephron the Skirmisher (Demonspawn Monk)       Turns: 1845, Time: 00:05:16

Health: -8/29      AC:  2    Str: 12    XL:     3   Next: 58%
Magic:  3/3        EV: 13    Int: 11    God:
Gold:   68         SH:  4    Dex: 15    Spells: 2/2 levels left

rFire    . . .     SeeInvis .     - Unarmed
rCold    . . .     Faith    .   (no shield)
rNeg     . . .     Spirit   .   a - +0 robe
rPois    .         Reflect  .   (no helmet)
rElec    .         Harm     .   (no cloak)
rCorr    .         Rampage  .   (no gloves)
Will     .....                  (no boots)
Stlth    ++........             (no amulet)
HPRegen  0.09/turn              (no ring)
MPRegen  0.08/turn              (no ring)

@: no status effects
A: condensation shield
a: no special abilities


You were on level 2 of the Dungeon.
You visited 1 branch of the dungeon, and saw 2 of its levels.

You collected 68 gold pieces.

Inventory:

Missiles
 b - 9 boomerangs
 c - 28 stones
 d - 8 poisoned darts (quivered)
Armour
 a - a +0 robe (worn)
Scrolls
 f - a scroll of magic mapping {unknown}
 g - a scroll of blinking {unknown}
Potions
 e - 2 potions of curing {unknown}


   Skills:
 + Level 3.3 Fighting
 + Level 3.0 Dodging
 + Level 2.4 Stealth
 + Level 0.2 Shields
 * Level 3.3 Unarmed Combat


You had 2 spell levels left.
You didn't know any spells.
Your spell library was empty.

Dungeon Overview and Level Annotations

Branches:
Dungeon (2/15)

Altars:


Innate Abilities, Weirdness & Mutations

A meltable shield of frost defends you. (SH +4)


Message History

The gnoll shouts!
The gnoll barely misses you. The gnoll barely misses you.
Found a stone staircase leading up.
Found 17 sling bullets.
Found a spear.
There is a stone staircase leading up here.
You can't go down here!
The gnoll misses you.
You climb upwards.
There is a stone staircase leading down here.
You see here a +0 short sword.
Things that are here:
a +0 short sword; a +0 dagger
There is an open door here.
You see here a +0 club.
There is a stone staircase leading down here.
You start resting.
HP restored.
You climb downwards.
There is a stone staircase leading up here.
Things that are here:
a +0 short sword; a kobold skeleton
There is a stone staircase leading down here.
You closely miss the gnoll. The gnoll hits you with a +0 halberd!
You hit the gnoll.
The gnoll is lightly wounded.
The gnoll closely misses you.
You hit the gnoll.
The gnoll is moderately wounded.
The gnoll closely misses you.
You hit the gnoll.
The gnoll is severely wounded.
The gnoll hits you with a +0 halberd!
Ouch! That really hurt!
* * * LOW HITPOINT WARNING * * *
You hit the gnoll.
The gnoll is severely wounded.
The gnoll hits you with a +0 halberd!
You die...

###.######.####### #
###########.#.# #.# # ..
........##....# #.# #
.................######.##### #
...####..##...............# #
#.## #..###..###########.###
#...##..###..# ####...##
#......##..# #........
#...##...##@.## #.##...##
#....(..(.g...######.###.###
...####...##..........###.###
###.# #...###..#########.#.##
#.# ##..###..########.###.. ##
#.# #.................#.## .##
#.# #..###..##.........##
#.####.#####..###..##.#########
......................###


You could see a gnoll.

Vanquished Creatures
  2 gnolls (D:2)
  2 ball pythons
  An endoplasm (D:1)
  6 goblins
  3 hobgoblins (D:1)
  2 jackals (D:1)
  6 kobolds
  A quokka (D:1)
  A bat (D:1)
  A frilled lizard (D:2)
  4 rats (D:1)
29 creatures vanquished.

Vanquished Creatures (others)
  2 plants (D:1)
2 creatures vanquished.

Grand Total: 31 creatures vanquished

Notes
Turn   | Place    | Note
-------+----------+-------------------------------------------
     0 | D:1      | bellerephron the Demonspawn Monk began the quest for the
                  | Orb.
     0 | D:1      | Reached XP level 1. HP: 18/18 MP: 1/1
   385 | D:1      | Gained mutation: A meltable shield of frost defends you.
                  | (SH +4) [demonic ancestry]
   385 | D:1      | Reached XP level 2. HP: 20/24 MP: 2/2
  1396 | D:2      | Reached XP level 3. HP: 29/29 MP: 3/3
  1845 | D:2      | Mangled by a gnoll

Illustrated notes

Levels and vault maps discovered:
D:1:      lightli_arrival_farm, layout_basic
D:2:      layout_loops_ring, basic_altar

Skill      XL: |  1  2 |
---------------+-------+-----
Unarmed Combat | 3 |  3.3
Stealth        | 2 |  2.4
Dodging        | 3 |  3.0
Fighting       | |  3.3
Shields        | |  0.2

Action                   || total
-------------------------++-------
Melee: Unarmed           ||   114
       Punch             ||     1
Throw: Dart              ||     5
 Stab: Sleeping          ||     7
Armor: Robe              ||    11
Dodge: Dodged            ||    44
Block: Other             ||    14
